Workbook

Sheet AM
C2: Subproceso de Planificación Estratégica Gestión de Proyectos
C4: Análisis de Mercado
B9: 1.Población de Referencia
B11: 1.1 Aréa de influencia
B13: 1.1.1 Cantón | C13: 1.1.1.1 Distrito | D13: 1.1.1.2 Barrio | E13: 1.1.1.3 Comunidad
B16: 1.1.2 Radio de influencia
B19: 1.2. Población existente
B21: 1.2.1 Habitantes
B22: 1.2.2 Viviendas
B23: 1.2.3 Hogares
B24: 1.2.4 Edad
B25: 0 -4
B26: 5 a 9
B27: 10 a14
B28: 15 a 20
B29: 21 a 25
B30: 26-30
... B42: 85 años y más
B43: 1.2.5 Sexo | C43: Hombre | E43: Mujeres
B46: 1.3. Cáculo de Población de referencia
B48: 1.3.1 Tasa de crecimiento
C49: Valor
B50: PI-Población Inicial (último censo) | C50: 1000
B51: PF-Población Final (Último censo disponible) | C51: 1500
B52: Años entre los datos (PI PF) | C52: 5
B54: Tasa de crecimiento definida: | C54: =100*(((C51/C50)^(1/C52))-1) -> 8.4471771
B56: 1.3.2 Proyección de la población
C57: Valores
B58: Tasa anual de crecimiento definida
B59: Población más reciente del último censo
B60: Años entre los datos para el cual se hará la estimación
B62: Proyección de Población
B64: 2. Población Objetivo
B67: 2.1 Describiciónde la intervención por realizar
B71: 2.2 Total de población
B73: 2.3 Carácteristicas especificas de la población de referencia por considerar
B75: Sexo
B76: Rangos de edad
B78: Total de población objetivo | C78: 6850
B81: 3. Estimación de la demanda actual y futura
B83: 3,1 Demanda actual | D83: 3.2 Demanada Futura
C84: Valor | E84: Valor
B85: Población objetivo | C85: =+C78 -> 6850 | D85: Años por proyectar | E85: 8
B86: Factor de consumo individual | C86: 150 | D86: Población incial | E86: 10000
D87: Factor de consumo | E87: 150
D88: Tasa de crecimiento | E88: =+C54 -> 8.4471771
B90: Total de demanda actual | C90: =+C85*C86 -> 1027500 | D90: Total de demanda proyectada | E90: =E86*E87*(1+E88/100)^E85 -> 2869705.1
B93: 4. Estimación de la oferta actual y proyectada
B95: 4.1 Situación base optimizada
B97: 4.2 Oferta actual | D97: 4.3 Oferta Futura
B98: Descripción de la oferta actual | D98: Descripción de la oferta a futura
B100: Infraestructura existente | D100: Infraestructura proyectada
B101: Equipamiento disponible | D101: Equipamiento proyectado
B102: Personal Actual | D102: Personal proyectado
B103: Otras consideraciones | D103: Otras consideraciones
B105: Total de oferta | D105: Total de oferta proyectada
B109: 5.Interacción de la oferta y demanda
B111: 4.1 Deficit
C112: Valores
B113: Demanda
B114: Oferta
B116: Total de déficit | C116: =+C113-C114 -> 0
B118: 6.Análisis de Precios
B120: Elementos de referencia | D120: Consideraciones para la estimación
B126: Total de costo unitario
B128: Resultado del análisis del mercado

Sheet AT
D3: Subproceso de Planificación Estratégica Gestión de Proyectos
D5: Análisis Técnico
C11: 1. Localización
C13: 1.1 Punto de partida
C15: 1.1.1 Descripción de la intervención por realizar
C16: 1.1.2 Ubicación física propuesta
C17: 1.1.3 Elementos asociados con la población
C18: Ubicación de la población
C19: Condiciones de accesibilidad
C20: Condiciones socioecónomicas
C21: Carácteristicas administrativas
C23: 1.2 Macrolización
C25: Provincia | D25: Cantón | E25: Distrito | F25: Comunidad
C28: Área o Sector
C31: 1.3 Microlocalización
C33: 1.3.1 Dirección exacta del proyecto
C35: Coordenadas geograficas
C37: 13.2 Validación de la localización
C39: Criterio | D39: % | E39: Valoración | F39: Detalle
C40: Cercanía a población objetivo | D40: 0.2
C41: Accesibilidad | D41: 0.15
C42: Disponibilidad del terreno | D42: 0.15
C43: Servicios públicos | D43: 0.15
C44: Condiciones topográficas | D44: 0.1
C45: Amenazas/riesgos | D45: 0.1
C46: Tipo de zona | D46: 0.15
C47: Total | D47: =SUM(D40:D46) -> 1
C49: Resultado de validación efectuado
C53: 1.4 Riesgos asociados a la localización
C55: 1.4.1 Punto de partida
C57: Amenzas del área identificadas
C59: Riesgos identificados
C61: Riesgo | D61: Carácteristicas | E61: Posibles daños | F61: Efectos sobre el proyecto
D62: Frecuencia
D63: Intensidad
D64: Duración
C66: Resultado de validación efectuado con los riesgos
C71: 2. Tamaño
C73: Definción del tamaño
C75: Parámetros de referencia | E75: Análisis sobre el tamaño
C77: Unidad de Capacidad
C80: Demanda actual
C81: Demanda futura
C83: Capacidad existente
C85: Déficit | D85: =+D83-D81 -> 0 | E85: Tamaño proyectado
C88: 3. Técnologia
C91: Descripción del proceso de la intervención | E91: Requerimiento | F91: Detalle
E92: Recurso Humano
E93: Equipo
E94: Mobilario
E95: Tecnología
E96: Otros
E98: Recurso Humano
E99: Equipo
E100: Mobilario
E101: Tecnología
E102: Otros
E104: Recurso Humano
E105: Equipo
... E120: Otros
C122: Resultado del análisis de la tenología
C126: 4. Ingeniería
C128: 4.1 Detalle de la ejecución de la propuesta a realizar
C131: 4.2 Requerimientos para su ejecución | D131: Elemento | E131: Requerido | F131: Detalle
D132: Topografía;
D133: Arqueología
D134: Geometría;
D135: Geología;
D136: Geotecnia;
D137: Hidrología;
D138: Hidráulica;
D139: Estudios estructurales;
D140: Levantamientos;
D141: Análisis funcionales;
D142: Otros estudios especializados
C144: 4.3 Riesgos asociados
C148: Resultado del análisis de la ingenieria
C153: 5. Análisis de los interesados
C155: 5.1 Detalle
C157: Actor | D157: Tipo | E157: Interés | F157: Influencia | G157: Acciones | H157: Estrategias | I157: Requerimientos de información
C167: 5.2 Analisis
C181: Resultado del análisis de interesados
C186: 6. Costos
C190: Rubro | D190: Costo mensual | E190: Cantidad | F190: Total
C191: Recurso Humanos
C195: Total | D195: =SUM(D192:D194) -> 0 | F195: =SUM(F192:F194) -> 0
C196: Obras físicas
C200: Total | D200: =SUM(D197:D199) -> 0 | F200: =SUM(F197:F199) -> 0
C201: Maquinaria, equipo o maquinaria
C205: Total | D205: =SUM(D202:D204) -> 0 | F205: =SUM(F202:F204) -> 0
C206: Tecnología
C210: Total | D210: =SUM(D207:D209) -> 0 | F210: =SUM(F207:F209) -> 0
C211: Estudios,m sdiseño estrategias u otros
C215: Total | D215: =SUM(D212:D214) -> 0 | F215: =SUM(F212:F214) -> 0
C216: Otros
C220: Total | D220: =SUM(D217:D219) -> 0 | F220: =SUM(F217:F219) -> 0
C223: Resultado del cálculo de costos

Sheet AA
D3: Subproceso de Planificación Estratégica Gestión de Proyectos
D5: Análisis Ambiental
C11: 1. Localización de la intervención
C13: 1.1 Punto de partida
C15: 1.1.1 Descripción de la intervención por realizar
C16: 1.1.2 Ubicación física propuesta
C18: 1.2 Macrolización
C20: Provincia | D20: Cantón | E20: Distrito | F20: Comunidad
C23: 1.3 Microlocalización
C25: 1.3.1 Dirección exacta del proyecto
C27: Coordenadas geograficas
C29: 1.4 Fases para el desarrollo de la propuesta
C31: Fase | D31: Actividades por desarrollar
C41: 1.5 Diagnóstico Inicial
C43: Elemento | D43: Si | E43: No | F43: N/A | G43: Observaciones
C44: Ríos, quebradas o nacientes cercanas | D44: FALSE | E44: FALSE | F44: FALSE
C45: Humedales | D45: FALSE | E45: FALSE | F45: FALSE
C46: Cobertura vegetal | D46: FALSE | E46: FALSE | F46: FALSE
C47: Árboles que requieren intervención | D47: FALSE | E47: FALSE | F47: FALSE
C48: Fauna observable | D48: FALSE | E48: FALSE | F48: FALSE
C49: Pendientes importantes | D49: FALSE | E49: FALSE | F49: FALSE
C50: Riesgo de erosión | D50: FALSE | E50: FALSE | F50: FALSE
C51: Riesgo de inundación | D51: FALSE | E51: FALSE | F51: FALSE
C52: Condiciones de drenaje | D52: FALSE | E52: FALSE | F52: FALSE
C53: Áreas protegidas o sensibles | D53: FALSE | E53: FALSE | F53: FALSE
C54: Viviendas cercanas | D54: FALSE | E54: FALSE | F54: FALSE
C55: Centros educativos/salud cercanos | D55: FALSE | E55: FALSE | F55: FALSE
... C64: Otros aspectos relevantes | D64: FALSE | E64: FALSE | F64: FALSE
C66: Resultado del diagnóstico incial
C70: 1.6 Identificación de los factores ambientales que se puedan afectar
C72: Actividad | D72: Fase | E72: Factor Ambiental | F72: Impacto identificado | G72: Tipo (+,-) | H72: Afectación (Directo-Indirecto)
C84: 1.7 Valoración de los efectos ambientales
C86: Actividad
C87: Factor
C88: Impacto Ambiental
C89: Criterio | D89: Valoración | E89: Resultado | F89: Valoración | G89: Resultado | H89: Valoración | I89: Resultado
C90: Naturaleza | D90: -1 | F90: -1 | H90: -1
C91: Intensidad | D91: 4 | F91: 4 | H91: 4
C92: Extensión | D92: 2 | F92: 2 | H92: 2
C93: Momento | D93: 4 | F93: 4 | H93: 4
C94: Persistencia | D94: 2 | F94: 2 | H94: 2
C95: Reversibilidad | D95: 2 | F95: 2 | H95: 2
C96: Sinergia | D96: 1 | F96: 1 | H96: 1
C97: Acumulación | D97: 1 | F97: 1 | H97: 1
C98: Efecto | D98: 4 | F98: 4 | H98: 4
C99: Periocidad | D99: 2 | F99: 2 | H99: 2
C100: Recuperabilidad | D100: 2 | F100: 2 | H100: 2
C101: Análisis
C102: Importancia | D102: =+D90*(3*D91+2*D92+D93+D94+D95+D96+D97+D98+D99+D100) -> -34 | F102: =+F90*(3*F91+2*F92+F93+F94+F95+F96+F97+F98+F99+F100) -> -34 | H102: =+H90*(3*H91+2*H92+H93+H94+H95+H96+H97+H98+H99+H100) -> -34
C103: Importancia absoluta | D103: =ABS(D102) -> 34 | F103: =ABS(F102) -> 34 | H103: =ABS(H102) -> 34
C104: Clasificación | D104: =IF(D103<25,"Irrelevante",IF(D103<50,"Moderado",IF(D103<75,"Severo","Crítico"))) -> Moderado | F104: =IF(F103<25,"Irrelevante",IF(F103<50,"Moderado",IF(F103<75,"Severo","Crítico"))) -> Moderado | H104: =IF(H103<25,"Irrelevante",IF(H103<50,"Moderado",IF(H103<75,"Severo","Crítico"))) -> Moderado
C106: Resultado de la valoración de los efectos realizados
C111: 1.7 Medidas correctoras y compensatorias
C113: Impacto identificado | D113: Clasificación | E113: Medida propuesta | F113: Tipo de medida Correctora/Compensatoria | G113: Fase | H113: Responsable
C125: 1.8 Cálculo de costos
C128: Impacto identificado | D128: Tipo de medida Correctora/Compensatoria | E128: Detalle | F128: Costo unitario
F129: 0
F130: 0
F131: 0
F132: 0
F133: 0
F134: 0
F135: 0
C136: Total | F136: =SUM(F129:F135) -> 0
C139: Consideraciones sobre el presupuesto elaborado

Sheet Hoja1
B4: Naturaleza | C4: -1 | E4: Positiva o Negativa
B5: Intensidad | C5: 4 | E5: Baja (1), Media (2), Alta (4), Muy Alta (8), Total (12)
B6: Extensión | C6: 2 | E6: Puntual (1), Parcial (2), Extenso (4), Total (8)
B7: Momento | C7: 4 | E7: Largo plazo (1), Medio plazo (2), Inmediato (4)
B8: Persistencia | C8: 2 | E8: Fugaz (1), Temporal (2), Permanente (4)
B9: Reversibilidad | C9: 2 | E9: Corto plazo (1), Medio plazo (2), Irreversible (4)
B10: Sinergia | C10: 1 | E10: Sin sinergia (1), Sinérgico (2), Muy sinérgico (4)
B11: Acumulación | C11: 1 | E11: Simple (1), Acumulativo (4)
B12: Efecto | C12: 4 | E12: Indirecto/Secundario (1), Directo (4)
B13: Periocidad | C13: 2 | E13: Discontinuo (1), Periódico (2), Continuo (4)
B14: Recuperabilidad | C14: 2 | E14: Recuperable inmediato (1), Mediano plazo (2), Mitigable (4), Irrecuperable (8)

Sheet AL
C3: Subproceso de Planificación Estratégica Gestión de Proyectos
C5: Análisis Legal
B10: 1. Caracterización de las personas estudiantes
B12: 1.1 Punto de partida
B14: 1.1.1 Nombre del proyecto
B15: 1.1.2 Descripción de la intervención por realizar
B17: 1.1.2 Fases para la ejecución del proyecto
B19: Fase | C19: Actividades por desarrollar
B28: 1.2 Análisis de la competencia municipal para su desarrollo
B31: 1.2.1 Normativa relacionada con el poyecto | C31: Norma | D31: Artículo | E31: Detalle | F31: Vinculación
B36: 1.2.2 Vinculación a instrumentos de planificación municipal | C36: Instrumento | D36: Tipo de vinculo | E36: Detalle | F36: Vinculación
B41: ¿Es competencia de la municipalidad para su ejecución? | C41: Si | D41: FALSE
C42: No | D42: FALSE
B45: Resultado de la valoración del análisi realizado
B51: 1.3 Análisis de la normativa específica por etapa de desarrollo del proyecto
B54: Fase de ejecución | C54: Norma | D54: Artículo | E54: Detalle | F54: Requisito por cumplir
B66: Resultado del análisis de los resultados
B72: 1.4 Análisis de incidencia legal
B74: Fase | C74: Requisito o condición | D74: Impacto en alcance | E74: Impacto en plazo | F74: Impacto en costo | G74: Riesgo por incumplimiento | H74: Acción requerida
B83: Resultado del análisis efectuado
B88: 1.5 Resultado del análisis
B90: Detalle | D90: Observaciones
B91: Viable legalmente. | C91: FALSE
B92: Viable con requisitos pendientes controlables. | C92: FALSE
B93: Viable condicionado al cumplimiento de requisitos previos. | C93: FALSE
B94: Requiere modificar elementos del proyecto. | C94: FALSE
B95: Presenta impedimento legal para continuar. | C95: FALSE
B98: 1.6 Requisitos críticos antes de inversión
B100: Requisito | C100: Responsable | D100: Detalle | E100: Evidencia requerida

Sheet AADMI
D3: Subproceso de Planificación Estratégica Gestión de Proyectos
D5: Análisis Administrativo
C10: 1.1 Punto de partida
C12: 1.1.1 Nombre del proyecto
C13: 1.1.2 Descripción de la intervención por realizar
C15: 1.1.2 Fases para la ejecución del proyecto
C17: Fase | D17: Actividades por desarrollar | H17: Áreas ténicas involucradas
C27: 1.2 Identificación de los roles del desarrollo de la intervención
C29: Fase identificada | D29: Responsabilidad | H29: Observaciones
D30: Área Técnica | E30: Persona | F30: Funciones | G30: Rol
C41: 1.3 Identificación de las necesidades de recurso humano
C43: Puesto | D43: Funciones | E43: Rol | F43: Observaciones
C52: 1.3 Identificación de las necesidades de materiales para el desarrollo de la intervención.
C54: Requerimiento | D54: Detalle | E54: Fase
C63: Resultado del análisis efectuado
C69: 1.4 Requisitos críticos antes de inversión
C71: Requisito | D71: Responsable | E71: Detalle | F71: Costo asociado
C83: 2. Programación del Proyecto
C85: Objetivo General
C87: Objetivo especifico 1
C89: 1.1Componente | F89: 1.2 Componente
C90: 1.1.1 Producto | F90: 1.2.1 Producto
C91: 1.1.1.1 Entregable | F91: 1.2.1.1 Entregable
C92: 1.1.1.1.1 Paquete de trabajo | F92: 1.2.1.1.1 Paquete de trabajo
C95: 1.1.2 Producto
C96: 1.1.2.1 Entregable
C97: 1.1.2.1.1 Paquete de trabajo
C100: Objetivo especifico 2
C102: 2.1Componente | F102: 2.2 Componente
C103: 2.1.1 Producto | F103: 2.2.1 Producto
C104: 2.1.1.1 Entregable | F104: 2.2.1.1 Entregable
C105: 2.1.1.1.1 Paquete de trabajo | F105: 2.2.1.1.1 Paquete de trabajo
C108: 2.1.2 Producto
C109: 2.1.2.1 Entregable
C110: 2.1.2.1.1 Paquete de trabajo
C113: 3.Cronograma del Proyecto
C116: Descripción de actividad | D116: Fase | E116: Inicio | F116: Final | G116: Duración | H116: Porcejante de cumplimiento

Sheet ARI
D3: Subproceso de Planificación Estratégica Gestión de Proyectos
D5: Análisis de Riesgos
B10: 1.1 Información del proyecto
B12: 1.1.1 Nombre del proyecto
B14: 1.1.2 Descripción de la intervención por realizar
B17: 1.2 Identificación de los riesgos
B20: IDENTIFICACIÓN | H20: ANÁLISIS Y EVALUACIÓN | K20: ADMINISTRACIÓN Y REVISIÓN
B21: FASE | C21: RIESGO | D21: CAUSA | E21: CONSECUENCIA | F21: TIPO DE RIESGO | G21: CONTROLES EXISTENTES | H21: PROBABILIDAD | I21: IMPACTO | J21: NIVEL DE RIESGO | K21: Acción propuesta | L21: RESPONSABLE | M21: PLAZO
J22: =H22*I22 -> 0
J23: =H23*I23 -> 0
J24: =H24*I24 -> 0
J25: =H25*I25 -> 0
J26: =H26*I26 -> 0
J27: =H27*I27 -> 0
J28: =H28*I28 -> 0
J29: =H29*I29 -> 0
J30: =H30*I30 -> 0
J31: =H31*I31 -> 0
J32: =H32*I32 -> 0
J33: =H33*I33 -> 0
B38: 1.3 Resultados de Identificación de los riesgos

Sheet ARIMC
D2: Subproceso de Planificación Estratégica Gestión de Proyectos
D4: Análisis de Riesgo
D9: MAPA DE CALOR
D11: PROABILIDAD | E11: Muy probable | F11: 5
E12: Probable | F12: 4
E13: Posible | F13: 3
E14: Poco probable | F14: 2
E15: Mínimo | F15: 1
G16: 1 | H16: 2 | I16: 5 | J16: 10 | K16: 20
G17: Insignificante | H17: Menor | I17: Moderado | J17: Importante | K17: Catastrófico
G18: IMPACTO
C21: RIESGOS IDENTIFICADOS
C22: R1 | D22: =+ARI!C22 -> 0
C23: R2 | D23: =+ARI!C23 -> 0
C24: R3 | D24: =+ARI!C24 -> 0
C25: R4 | D25: =+ARI!C25 -> 0
C26: R5 | D26: =+ARI!C26 -> 0
C27: R6 | D27: =+ARI!C27 -> 0
C28: R7 | D28: =+ARI!C28 -> 0
C29: R8 | D29: =+ARI!C29 -> 0
C30: R9 | D30: =+ARI!C30 -> 0

Sheet EF
E2: Subproceso de Planificación Estratégica Gestión de Proyectos
E4: Evaluación Financiera
C12: 1.1 Información del proyecto
C14: 1.1.1 Nombre del proyecto
C16: 1.1.2 Descripción de la intervención por realizar
C18: 2. Información para la estimación
C20: Inversión proyectada | F20: 0
C22: Fuente prevista de financiamiento
C24: ¿Genera ingresos propios? | E24: FALSE
C25: ¿Requiere endeudamiento? | E25: FALSE | F25: Detalle
C26: ¿Recibe transferencias/subsidios? | E26: FALSE
C28: Horizonte de evaluación
C30: 3.Información relacionada con el estudio de mercado
C32: Demanda identificada
C34: Oferta proyectada
C36: Costo estimado
C38: 4.Costos identificados en
C40: Análisis técnico
C42: Rubro | D42: Costo mensual | E42: Cantidad | F42: Total | G42: Depreciación
C43: Recurso Humanos
C47: Total | D47: =SUM(D44:D46) -> 0 | F47: =SUM(F44:F46) -> 0 | G47: =SUM(G44:G46) -> 0
C48: Obras físicas
C52: Total | D52: =SUM(D49:D51) -> 0 | F52: =SUM(F49:F51) -> 0 | G52: =SUM(G49:G51) -> 0
C53: Maquinaria, equipo o maquinaria
C57: Total | D57: =SUM(D54:D56) -> 0 | F57: =SUM(F54:F56) -> 0 | G57: =SUM(G54:G56) -> 0
C58: Tecnología
C62: Total | D62: =SUM(D59:D61) -> 0 | F62: =SUM(F59:F61) -> 0 | G62: =SUM(G59:G61) -> 0
C63: Estudios,diseño estrategias u otros
C67: Total | D67: =SUM(D64:D66) -> 0 | F67: =SUM(F64:F66) -> 0 | G67: =SUM(G64:G66) -> 0
C68: Otros
C72: Total | D72: =SUM(D69:D71) -> 0 | F72: =SUM(F69:F71) -> 0 | G72: =SUM(G69:G71) -> 0
C75: Análisis de costos
C78: Detalle | D78: Sin proyecto | E78: Proyecto | F78: Incremento
C80: Ingresos | D80: 0 | E80: 0 | F80: =+E80-D80 -> 0
C82: Egresos
C83: Recurso Humano | D83: 0 | E83: 0 | F83: =+E83-D83 -> 0
C84: Obras físicas | D84: 0 | E84: 0 | F84: =+E84-D84 -> 0
C85: Maquinaria, equipo o maquinaria | D85: 0 | E85: 0 | F85: =+E85-D85 -> 0
C86: Tecnología | D86: 0 | E86: 0 | F86: =+E86-D86 -> 0
C87: Estudios,diseño estrategias u otros | D87: 0 | E87: 0 | F87: =+E87-D87 -> 0
C88: Otros | D88: 0 | E88: 0 | F88: =+E88-D88 -> 0
C89: Total | D89: =SUM(D83:D88) -> 0 | E89: =SUM(E83:E88) -> 0 | F89: =SUM(F83:F88) -> 0
C92: Detalle de la información
C94: Detalle | D94: 1 | E94: 1 | F94: 2 | G94: 3 | H94: 4 | I94: 5
C96: Ingresos
B97: + | C97: Tarifas | D97: 0 | E97: 0 | F97: 0 | G97: 0 | H97: 0 | I97: 0
B98: + | C98: Servicios | D98: 0 | E98: 0 | F98: 0 | G98: 0 | H98: 0 | I98: 0
B99: + | C99: Otros ingresos | D99: 0 | E99: 0 | F99: 0 | G99: 0 | H99: 0 | I99: 0
C100: Total
C102: Inversión
C103: Terreno | D103: 0 | E103: 0 | F103: 0 | G103: 0 | H103: 0 | I103: 0
C104: Obras | D104: 0 | E104: 0 | F104: 0 | G104: 0 | H104: 0 | I104: 0
C105: Equipamento | D105: 0 | E105: 0 | F105: 0 | G105: 0 | H105: 0 | I105: 0
C106: Diseño | D106: 0 | E106: 0 | F106: 0 | G106: 0 | H106: 0 | I106: 0
C107: Estudios | D107: 0 | E107: 0 | F107: 0 | G107: 0 | H107: 0 | I107: 0
C108: Permisos | D108: 0 | E108: 0 | F108: 0 | G108: 0 | H108: 0 | I108: 0
C109: Medidas ambientales | D109: 0 | E109: 0 | F109: 0 | G109: 0 | H109: 0 | I109: 0
C110: Medidas de riesgos | D110: 0 | E110: 0 | F110: 0 | G110: 0 | H110: 0 | I110: 0
C111: Capital de trabajo | D111: =+D114 -> 0 | E111: =+E114 -> 0 | F111: =+F114 -> 0 | G111: =+G114 -> 0 | H111: =+H114 -> 0 | I111: =+I114 -> 0
C112: Operación
C113: Meses
C114: Total | D114: =+D112*D113 -> 0 | E114: =+E112*E113 -> 0 | F114: =+F112*F113 -> 0 | G114: =+G112*G113 -> 0 | H114: =+H112*H113 -> 0 | I114: =+I112*I113 -> 0
C116: Costos de operación
B117: - | C117: Personal | D117: 0 | E117: 0 | F117: 0 | G117: 0 | H117: 0
B118: - | C118: Materiales/insumos | D118: 0 | E118: 0 | F118: 0 | G118: 0 | H118: 0
B119: - | C119: Servicios públicos | D119: 0 | E119: 0 | F119: 0 | G119: 0 | H119: 0
B120: - | C120: Mantenimiento | D120: 0 | E120: 0 | F120: 0 | G120: 0 | H120: 0
B121: - | C121: Operación | D121: 0 | E121: 0 | F121: 0 | G121: 0 | H121: 0
C122: Total | D122: =SUM(D117:D121) -> 0 | E122: =SUM(E117:E121) -> 0 | F122: =SUM(F117:F121) -> 0 | G122: =SUM(G117:G121) -> 0 | H122: =SUM(H117:H121) -> 0
C124: Costos de manteniemiento
C125: Rutinario | D125: 0 | E125: 0 | F125: 0 | G125: 0 | H125: 0
C126: pReventivo | D126: 0 | E126: 0 | F126: 0 | G126: 0 | H126: 0
C127: Mayor | D127: 0 | E127: 0 | F127: 0 | G127: 0 | H127: 0
C128: Reparación de equipo | D128: 0 | E128: 0 | F128: 0 | G128: 0 | H128: 0
C129: Total | D129: =SUM(D125:D128) -> 0 | E129: =SUM(E125:E128) -> 0 | F129: =SUM(F125:F128) -> 0 | G129: =SUM(G125:G128) -> 0 | H129: =SUM(H125:H128) -> 0
C131: Flujo de costos
C133: Concepto | D133: 0 | E133: 1 | F133: 2 | G133: 3 | H133: 4 | I133: 5
C135: Inversión | D135: 0 | E135: 0 | F135: 0 | G135: 0 | H135: 0 | I135: 0
C136: Operación | D136: 0 | E136: 0 | F136: 0 | G136: 0 | H136: 0 | I136: 0
C137: Mantenimiento | D137: 15000 | E137: 15000 | F137: 15000 | G137: 15000 | H137: 15000 | I137: 15000
C138: Riesgos | D138: 0 | E138: 0 | F138: 0 | G138: 0 | H138: 0 | I138: 0
C139: Otros Costos | D139: 0 | E139: 0 | F139: 0 | G139: 0 | H139: 0 | I139: 0
C140: Total | D140: =SUM(D135:D139) -> 15000 | E140: =SUM(E135:E139) -> 15000 | F140: =SUM(F135:F139) -> 15000 | G140: =SUM(G135:G139) -> 15000 | H140: =SUM(H135:H139) -> 15000 | I140: =SUM(I135:I139) -> 15000
C142: Factor de descuento
C143: Tasa social de descuento | D143: =1/(1+$C$144)^D133 -> 1 | E143: =1/(1+$C$144)^E133 -> 0.93694369 | F143: =1/(1+$C$144)^F133 -> 0.87786348 | G143: =1/(1+$C$144)^G133 -> 0.82250865 | H143: =1/(1+$C$144)^H133 -> 0.77064429 | I143: =1/(1+$C$144)^I133 -> 0.7220503
C144: 0.0673
C145: Costo actualizado | D145: =+D140*D143 -> 15000 | E145: =+E140*E143 -> 14054.155 | F145: =+F140*F143 -> 13167.952 | G145: =+G140*G143 -> 12337.63 | H145: =+H140*H143 -> 11559.664 | I145: =+I140*I143 -> 10830.755
C149: Valor actual de los costos | G149: Costo Anual Equivalente | J149: Relación Costo Eficiencia
C151: Año | D151: FDC | E151: Costo Actualizado | G151: VAC | H151: =+E159 -> 76950.156 | J151: VAC | K151: =+E159 -> 76950.156
C152: 0 | D152: =+D143 -> 1 | E152: =+D145 -> 15000 | G152: TSD | H152: =+C144 -> 0.0673 | J152: CAE | K152: =+H154 -> 18631.952
C153: 1 | D153: =+E143 -> 0.93694369 | E153: =+E145 -> 14054.155 | G153: Años | H153: =+I133 -> 5 | J153: Beneficiarios promedio por añ o | K153: 100
C154: 2 | D154: =+F143 -> 0.87786348 | E154: =+F145 -> 13167.952 | G154: CAE | H154: =H151*((H152*(1+H152)^H153)/((1+H152)^H153-1)) -> 18631.952 | J154: R-C/E | K154: =+K152/K153 -> 186.31952
C155: 3 | D155: =+G143 -> 0.82250865 | E155: =+G145 -> 12337.63
C156: 4 | D156: =+H143 -> 0.77064429 | E156: =+H145 -> 11559.664
C157: 5 | D157: =+I143 -> 0.7220503 | E157: =+I145 -> 10830.755
C159: VAC | E159: =SUM(E152:E158) -> 76950.156
C163: Resultado del análisis efectuado
C168: Sotenibilidad Presupuestaria
C170: Concepto | D170: 1 | E170: 2 | F170: 3 | G170: 4 | H170: 5
C171: Operaciona adicional | D171: 0 | E171: 0 | F171: 0 | G171: 0 | H171: 0
...

Sheet EES
D2: Subproceso de Planificación Estratégica Gestión de Proyectos
D4: Evaluación Ecónomica Social
B12: 1.1 Información del proyecto
B14: 1.1.1 Nombre del proyecto
B16: 1.1.2 Descripción de la intervención por realizar
B18: 2. Selección de enfoque por utilizar
B20: Pregunta | D20: SI | E20: NO
B21: ¿Los beneficios sociales pueden identificarse? | D21: FALSE | E21: FALSE
B22: ¿Pueden cuantificarse? | D22: FALSE | E22: FALSE
B23: ¿Pueden expresarse razonablemente en términos monetarios? | D23: FALSE | E23: FALSE
B24: ¿Existen datos confiables para valorarlos? | D24: FALSE | E24: FALSE
B25: ¿La valoración es razonable en costo y complejidad? | D25: FALSE | E25: FALSE
B27: Situación base optimizada
B29: Elemento | C29: Situación Actual | D29: Situación base | E29: Situación con proyecto
B30: Problema
B31: Población afectada
B32: Servicio actual
B33: Capacidad
B34: Costo de operación | C34: 0 | D34: 0 | E34: 0
B35: Beneficiarios
B36: Otros
B38: Información base
B40: Beneficios sociales
B42: Beneficario | C42: Tipo | D42: Unidad | E42: Monetizable | F42: Costo indvidual | G42: Valor anual
C43: Directo | G43: =+D43*F43 -> 0
C44: Indierecto | G44: =+D44*F44 -> 0
C45: Intangible | G45: =+D45*F45 -> 0
C46: Externalidad positiva | G46: =+D46*F46 -> 0
B48: Beneficios incrementales
B50: Beneficio | C50: Sin proyecto | D50: Con proyecto | E50: Beneficio Incremental
C51: 0 | D51: 0 | E51: 0
C52: 0 | D52: 0 | E52: 0
C53: 0 | D53: 0 | E53: 0
C54: 0 | D54: 0 | E54: 0 | H54: Si
C55: 0 | D55: 0 | E55: 0 | H55: No
B56: Total | E56: =SUM(E51:E55) -> 0
B59: Costos sociales
B61: Tipo de Costo | C61: Precio de mercado | D61: Transferencia | E61: Costo mercado ajustado | F61: Factor de Correción Social | G61: Costo Social | H61: Ajuste Social | I61: % Ajuste | J61: Fuente del factor
B62: Mano de obra | C62: 15000 | D62: NO | E62: =+IF(D62="SI",0,C62) -> 15000 | F62: 0.9 | G62: =+IF(E62=0,0,IF(F62="","",E62*F62)) -> 13500 | H62: =+IF(E62="","",E62-G62) -> 1500 | I62: =+IF(E62=0,0,IF(G62="","",(E62-G62)/E62)) -> 0.1
B63: Materiales | C63: 5000 | D63: NO | E63: =+IF(D63="SI",0,C63) -> 5000 | F63: 0.95 | G63: =+IF(E63=0,0,IF(F63="","",E63*F63)) -> 4750 | H63: =+IF(E63="","",E63-G63) -> 250 | I63: =+IF(E63=0,0,IF(G63="","",(E63-G63)/E63)) -> 0.05
B64: Equipos | C64: 25000 | D64: NO | E64: =+IF(D64="SI",0,C64) -> 25000 | F64: 1 | G64: =+IF(E64=0,0,IF(F64="","",E64*F64)) -> 25000 | H64: =+IF(E64="","",E64-G64) -> 0 | I64: =+IF(E64=0,0,IF(G64="","",(E64-G64)/E64)) -> 0
B65: Operación | C65: 3000 | D65: NO | E65: =+IF(D65="SI",0,C65) -> 3000 | F65: 0.58 | G65: =+IF(E65=0,0,IF(F65="","",E65*F65)) -> 1740 | H65: =+IF(E65="","",E65-G65) -> 1260 | I65: =+IF(E65=0,0,IF(G65="","",(E65-G65)/E65)) -> 0.42
B66: Mantenimiento | C66: 0 | D66: NO | E66: =+IF(D66="SI",0,C66) -> 0 | G66: =+IF(E66=0,0,IF(F66="","",E66*F66)) -> 0 | H66: =+IF(E66="","",E66-G66) -> 0 | I66: =+IF(E66=0,0,IF(G66="","",(E66-G66)/E66)) -> 0
B67: Costo ambientales | C67: 0 | D67: NO | E67: =+IF(D67="SI",0,C67) -> 0 | G67: =+IF(E67=0,0,IF(F67="","",E67*F67)) -> 0 | H67: =+IF(E67="","",E67-G67) -> 0 | I67: =+IF(E67=0,0,IF(G67="","",(E67-G67)/E67)) -> 0
B68: Médidas de riesgos | C68: 0 | D68: NO | E68: =+IF(D68="SI",0,C68) -> 0 | G68: =+IF(E68=0,0,IF(F68="","",E68*F68)) -> 0 | H68: =+IF(E68="","",E68-G68) -> 0 | I68: =+IF(E68=0,0,IF(G68="","",(E68-G68)/E68)) -> 0
B69: Otros costos | C69: 0 | D69: NO | E69: =+IF(D69="SI",0,C69) -> 0 | G69: =+IF(E69=0,0,IF(F69="","",E69*F69)) -> 0 | H69: =+IF(E69="","",E69-G69) -> 0 | I69: =+IF(E69=0,0,IF(G69="","",(E69-G69)/E69)) -> 0
B70: Depreciaciones | C70: 0 | D70: NO | E70: =+IF(D70="SI",0,C70) -> 0 | G70: =+IF(E70=0,0,IF(F70="","",E70*F70)) -> 0 | H70: =+IF(E70="","",E70-G70) -> 0 | I70: =+IF(E70=0,0,IF(G70="","",(E70-G70)/E70)) -> 0
E71: =+IF(D71="SI",0,C71) -> 0 | G71: =+IF(E71=0,0,IF(F71="","",E71*F71)) -> 0 | H71: =+IF(E71="","",E71-G71) -> 0 | I71: =+IF(E71=0,0,IF(G71="","",(E71-G71)/E71)) -> 0
B74: Resumen
B75: Costo total a precios de mercado | C75: =+SUM(C62:C70) -> 48000
B76: Transferencias excluidas | C76: =+SUMIF(D62:D71,"Si",C62:C71) -> 0
B77: Costo de mercado depurado | C77: =+SUM(E62:E71) -> 48000
B78: Costo total a precios sociales | C78: =+SUM(G62:G71) -> 44990
B79: Ajuste económico-social | C79: =+C77-C78 -> 3010
B80: Porcentaje global de ajuste | C80: =+IF(C77=0,0,(C77-C78)/C77) -> 0.062708333
B83: Externalidad y efectos intangibles
B85: Beneficario | C85: Tipo | D85: Unidad | E85: Monetizable | F85: Costo indvidual | G85: Valor anual
G86: =+D86*F86 -> 0
G87: =+D87*F87 -> 0
G88: =+D88*F88 -> 0
G89: =+D89*F89 -> 0
G90: =+D90*F90 -> 0
G91: =+D91*F91 -> 0
G92: =+D92*F92 -> 0
G93: =+D93*F93 -> 0
B95: Flujo Ecónomico Social
B97: Enfoque Costo Efiencia
B99: Información base
B101: Tasa Social de Descuento (TSD) | C101: 0.0673
B102: Horizonte de evaluación (años) | C102: 5
B103: Beneficiarios promedio anuales | C103: 100
B104: Costo social calculado | C104: =+C78 -> 44990
B107: Detalle | C107: 0 | D107: 1 | E107: 2 | F107: 3 | G107: 4 | H107: 5 | I107: Total
B108: Inversión social | C108: =+$C$104 -> 44990 | D108: 0 | E108: 0 | F108: 0 | G108: 0 | H108: 0 | I108: =+SUM(C108:H108) -> 44990
B109: Costos sociales directos | C109: 0 | D109: 15000 | E109: 15000 | F109: 15000 | G109: 15000 | H109: 15000 | I109: =+SUM(C109:H109) -> 75000
B110: Costos sociales indirectos | C110: 0 | D110: 0 | E110: 0 | F110: 0 | G110: 0 | H110: 0 | I110: =+SUM(C110:H110) -> 0
B111: Externalidades negativas | C111: 5880.37 | D111: 0 | E111: 0 | F111: 54839.78 | G111: 5000 | H111: 0 | I111: =+SUM(C111:H111) -> 65720.15
B112: (-) Valor residual | C112: 0 | D112: 0 | E112: 0 | F112: 0 | G112: 0 | H112: 0 | I112: =+SUM(C112:H112) -> 0
I113: =+SUM(C113:H113) -> 0
B114: Flujo de costos sociales | C114: =SUM(C108:C113) -> 50870.37 | D114: =SUM(D108:D113) -> 15000 | E114: =SUM(E108:E113) -> 15000 | F114: =SUM(F108:F113) -> 69839.78 | G114: =SUM(G108:G113) -> 20000 | H114: =SUM(H108:H113) -> 15000 | I114: =+SUM(C114:H114) -> 185710.15
B115: Factor de descuento | C115: =1/(1+$C$101)^C107 -> 1 | D115: =1/(1+$C$101)^D107 -> 0.93694369 | E115: =1/(1+$C$101)^E107 -> 0.87786348 | F115: =1/(1+$C$101)^F107 -> 0.82250865 | G115: =1/(1+$C$101)^G107 -> 0.77064429 | H115: =1/(1+$C$101)^H107 -> 0.7220503
B116: Costo social actualizado | C116: =+C114*C115 -> 50870.37 | D116: =+D114*D115 -> 14054.155 | E116: =+E114*E115 -> 13167.952 | F116: =+F114*F115 -> 57443.823 | G116: =+G114*G115 -> 15412.886 | H116: =+H114*H115 -> 10830.755 | I116: =+SUM(C116:H116) -> 161779.94
B119: Indicadores Ecónomicos Sociales
B121: Valor actual de Costos Ecónomicos | E121: Costo Anual Equivalente Ecónomico | H121: Relación Costo Eficiencia
B122: VACE | C122: =+I116 -> 161779.94 | E122: VACE | F122: =+C122 -> 161779.94 | H122: CAEE | I122: =+F125 -> 39171.8
B123: Costo total | C123: =+I114 -> 185710.15 | E123: TSD | F123: =+C101 -> 0.0673 | H123: Beneficiarios | I123: 100
B124: Costo social actualizado total | C124: =+I116 -> 161779.94 | E124: AÑOS | F124: =+H107 -> 5
E125: CAEE | F125: =+F122*((F123*(1+F123)^F124)/((1+F123)^F124-1)) -> 39171.8 | H125: R-C/E | I125: =+IF(I123=0,0,I122/I123) -> 391.718
B128: Indicador | C128: Alternativa 1 | D128: Alternativa 2 | E128: Criterio
B129: VACE | C129: =+C122 -> 161779.94
B130: CAEE | C130: =+F125 -> 39171.8
B131: R-C/E | C131: =+I125 -> 391.718
B133: Resultado del análisis efectuado
B138: Análisis de sensibilidad
B141: Escenario | C141: Variación | D141: VACE | E141: CAEE | F141: Beneficiarios | G141: R-C/E | H141: Cambio R-C/E | I141: Observaciones
B142: Aumento costos | C142: 0.3 | D142: =$C$122*(1+C142) -> 210313.92 | E142: =D142*(($F$123*(1+$F$123)^$F$124)/((1+$F$123)^$F$124-1)) -> 50923.34 | F142: 100 | G142: =IF(F142=0,0,E142/F142) -> 509.2334 | H142: =+IF($I$125=0,0,G142/$I$125-1) -> 0.3
B143: Aumento costos | C143: 0.2 | D143: =$C$122*(1+C143) -> 194135.93 | E143: =D143*(($F$123*(1+$F$123)^$F$124)/((1+$F$123)^$F$124-1)) -> 47006.16 | F143: 100 | G143: =IF(F143=0,0,E143/F143) -> 470.0616 | H143: =+IF($I$125=0,0,G143/$I$125-1) -> 0.2
B144: Aumento costos | C144: 0.1 | D144: =$C$122*(1+C144) -> 177957.93 | E144: =D144*(($F$123*(1+$F$123)^$F$124)/((1+$F$123)^$F$124-1)) -> 43088.98 | F144: 100 | G144: =IF(F144=0,0,E144/F144) -> 430.8898 | H144: =+IF($I$125=0,0,G144/$I$125-1) -> 0.1
B145: Escenario base | C145: 0 | D145: =$C$122*(1+C145) -> 161779.94 | E145: =D145*(($F$123*(1+$F$123)^$F$124)/((1+$F$123)^$F$124-1)) -> 39171.8 | F145: 100 | G145: =IF(F145=0,0,E145/F145) -> 391.718 | H145: =+IF($I$125=0,0,G145/$I$125-1) -> 0
B146: Reducción costos | C146: -0.1 | D146: =$C$122*(1+C146) -> 145601.95 | E146: =D146*(($F$123*(1+$F$123)^$F$124)/((1+$F$123)^$F$124-1)) -> 35254.62 | F146: 100 | G146: =IF(F146=0,0,E146/F146) -> 352.5462 | H146: =+IF($I$125=0,0,G146/$I$125-1) -> -0.1
...

Sheet Hoja3
E4: Subproceso de Planificación Estratégica Gestión de Proyectos
E6: Evaluación CulItativa
C11: Criterios y subcriterios para la valoración
C13: Criterio | D13: Subcriterio | E13: Indicador / pregunta de evaluación | F13: Ponderación | G13: Calif. A | H13: Puntaje A | I13: Calif. B | J13: Puntaje B | K13: Calif. C | L13: Puntaje C | M13: Fuente / justificación
C14: Impacto Social | D14: Calidad de vida | E14: ¿En qué medida mejora la calidad de vida de la población? | F14: 0.15 | G14: 5 | H14: =IF(OR(F14="",G14=""),"",F14*G14) -> 0.75 | J14: =IF(OR(F14="",I14=""),"",F14*I14) | L14: =IF(OR(F14="",K14=""),"",F14*K14)
C15: Impacto Social | D15: Equidad social | E15: ¿Favorece el acceso equitativo a bienes o servicios? | F15: 0.25 | H15: =IF(OR(F15="",G15=""),"",F15*G15) | J15: =IF(OR(F15="",I15=""),"",F15*I15) | L15: =IF(OR(F15="",K15=""),"",F15*K15)
C16: Impacto Social | D16: Compromiso de beneficiarios | E16: ¿Existe apoyo y capacidad para sostener el proyecto? | F16: 0.05 | H16: =IF(OR(F16="",G16=""),"",F16*G16) | J16: =IF(OR(F16="",I16=""),"",F16*I16) | L16: =IF(OR(F16="",K16=""),"",F16*K16)
C17: Impacto Ambiental | D17: Impactos ambientales | E17: ¿Reduce o controla impactos ambientales relevantes? | F17: 0.05 | H17: =IF(OR(F17="",G17=""),"",F17*G17) | J17: =IF(OR(F17="",I17=""),"",F17*I17) | L17: =IF(OR(F17="",K17=""),"",F17*K17)
C18: Impacto Ambiental | D18: Manejo sostenible de recursos | E18: ¿Incorpora eficiencia energética, renovables, economía circular u otras prácticas sostenibles? | F18: 0.15 | H18: =IF(OR(F18="",G18=""),"",F18*G18) | J18: =IF(OR(F18="",I18=""),"",F18*I18) | L18: =IF(OR(F18="",K18=""),"",F18*K18)
C19: Impacto Macroeconómico | D19: Generación de empleo | E19: ¿Genera empleo durante inversión y/o post-inversión? | F19: 0.25 | H19: =IF(OR(F19="",G19=""),"",F19*G19) | J19: =IF(OR(F19="",I19=""),"",F19*I19) | L19: =IF(OR(F19="",K19=""),"",F19*K19)
C20: Impacto Macroeconómico | D20: Competitividad | E20: ¿Reduce costos de transacción o mejora acceso/competitividad? | F20: 0.05 | H20: =IF(OR(F20="",G20=""),"",F20*G20) | J20: =IF(OR(F20="",I20=""),"",F20*I20) | L20: =IF(OR(F20="",K20=""),"",F20*K20)
C21: Otro criterio institucional | D21: Definir | E21: Indicador definido por la Municipalidad según los objetivos del proyecto. | F21: 0.05 | H21: =IF(OR(F21="",G21=""),"",F21*G21) | J21: =IF(OR(F21="",I21=""),"",F21*I21) | L21: =IF(OR(F21="",K21=""),"",F21*K21)
C22: TOTAL | F22: =SUM(F14:F21) -> 1 | H22: =SUM(H14:H21) -> 0.75 | J22: =SUM(J14:J21) -> 0 | L22: =SUM(L14:L21) -> 0
C24: RESUMEN DE RESULTADOS | H24: Calificación | I24: Interpretación
C25: Alternativa | D25: Puntaje ponderado | E25: Resultado sobre 5 | F25: Orden | H25: 1 | I25: Muy bajo / muy desfavorable
C26: Alternativa A | D26: =H22 -> 0.75 | E26: =IF($D$21=0,"",D26/$D$21) -> #VALUE! | F26: =IF(D26="","",RANK(D26,$B$25:$B$27,0)) -> #N/A | H26: 2 | I26: Bajo / desfavorable
C27: Alternativa B | D27: =J22 -> 0 | E27: =IF($D$21=0,"",D27/$D$21) -> #VALUE! | F27: =IF(D27="","",RANK(D27,$B$25:$B$27,0)) -> #N/A | H27: 3 | I27: Medio / aceptable
C28: Alternativa C | D28: =L22 -> 0 | E28: =IF($D$21=0,"",D28/$D$21) -> #VALUE! | F28: =IF(D28="","",RANK(D28,$B$25:$B$27,0)) -> #N/A | H28: 4 | I28: Alto / favorable
H29: 5 | I29: Muy alto / muy favorable
C32: COMPARACIÓN SIN PROYECTO / CON PROYECTO
C33: Criterio/Subcriterio | D33: Indicador | E33: Situación sin proyecto | F33: Situación con proyecto | G33: Cambio cualitativo | H33: Evidencia/Fuente | I33: Conclusión
C34: Calidad de vida
C35: Equidad social
C36: Compromiso de beneficiarios
C37: Impacto ambiental
C38: Manejo sostenible de recursos
C39: Generación de empleo
C40: Competitividad
C43: Resultado del análisis efectuado
